 Dungeon Crawl Stone Soup version 0.28.0-53-g5a82cb258f (webtiles) character file.

Game seed: 942378900166833033

46 Zeld the Firebug (level 3, -4/19 HPs)
             Began as a Deep Elf Fire Elementalist on May 22, 2022.
             Killed from afar by Terence (6 damage)
             ... with a puff of flame
             ... on level 2 of the Dungeon.
             The game lasted 00:01:14 (1699 turns).

Zeld the Firebug (Deep Elf Fire Elementalist)       Turns: 1699, Time: 00:01:14

Health: -4/19      AC:  3    Str:  5    XL:     3   Next: 44%
Magic:  6/10       EV: 12    Int: 21    God:
Gold:   34         SH:  0    Dex: 15    Spells: 4/10 levels left

rFire   . . .      SeeInvis .   (no weapon)
rCold   . . .      Faith    .   (no shield)
rNeg    . . .      Spirit   .   a - +0 robe
rPois   .          Reflect  .   (no helmet)
rElec   .          Harm     .   (no cloak)
rCorr   .          Rampage  .   c - +0 pair of gloves
Will    .....                   (no boots)
Stlth   ++........              (no amulet)
HPRegen 0.06/turn               (no ring)
MPRegen 0.12/turn               (no ring)

@: no status effects
A: no striking features
a: no special abilities


You were on level 2 of the Dungeon.
You visited 1 branch of the dungeon, and saw 2 of its levels.

You collected 34 gold pieces.

Inventory:

Armour
 a - a +0 robe (worn)
 c - a +0 pair of gloves (worn)
Scrolls
 d - a scroll of silence {unknown}
Potions
 b - a potion of curing {unknown}


   Skills:
 - Level 2.4 Dodging
 - Level 2.4 Stealth
 * Level 4.0 Spellcasting
 + Level 1.8 Conjurations
 + Level 0.4 Hexes
 * Level 4.0 Fire Magic


You had 4 spell levels left.
You knew the following spells:

 Your Spells              Type           Power      Damage    Failure   Level
a - Foxfire               Conj/Fire      64%        2x1d7     3%          1
b - Scorch                Fire           42%        2d7       3%          2
c - Inner Flame           Hex/Fire       13%        N/A       14%         3

Your spell library contained the following spells:

 Spells                   Type           Power      Damage    Failure   Level
 Conjure Flame            Conj/Fire      16%        6-21      11%         3
 Sting                    Tmut/Pois      16%        1d3       12%         1
 Poisonous Vapours        Pois/Air       8%         N/A       19%         2
 Flame Wave               Conj/Fire      16%        2d6       34%         4
 Olgreb's Toxic Radiance  Pois           4%         N/A       75%         4


Dungeon Overview and Level Annotations

Branches:
Dungeon (2/15)

Altars:

Annotations:
D:2 Terence


Message History

An adder is nearby!
There is an open door here.
An adder is nearby!
Casting: Scorch (safe; 3% risk of failure)
Confirm with . or Enter, or press ? or * to list all spells.
Flames lash the adder.
The adder hisses angrily.
The adder is almost dead.
The adder's fire resistance burns away.
Casting: Scorch (safe; 3% risk of failure)
Confirm with . or Enter, or press ? or * to list all spells.
Flames lash the adder.
The adder is burned terribly!
You kill the adder!
Your Spellcasting skill increases to level 4!
Casting: Scorch (safe; 3% risk of failure)
Confirm with . or Enter, or press ? or * to list all spells.
You can't see any susceptible monsters within range! (Use Z to cast anyway.) Terence the Incautious comes into view.
He is wielding a +2 vorpal flail and carrying a wand of flame (17).
Found 4 poisoned darts.
Terence is nearby!
Terence is nearby!
The helpless Terence fails to defend himself.
You hit Terence but do no damage.
Terence says, "Rest in peace."
Terence closely misses you.
Casting: Scorch (safe; 3% risk of failure)
Confirm with . or Enter, or press ? or * to list all spells.
Flames lash Terence but do no damage.
Terence hits you with a +2 vorpal flail.
Unknown command.
Casting: Scorch (safe; 3% risk of failure)
Confirm with . or Enter, or press ? or * to list all spells.
Flames lash Terence.
Terence is moderately wounded.
Terence's fire resistance burns away.
Terence zaps a wand.
The puff of flame hits you!
Ouch! That really hurt!
* * * LOW HITPOINT WARNING * * *
Terence zaps a wand.
The puff of flame hits you.
You die...

# ### ## ... ..
#.. # ... #(# #
#.# #.# # #.# #.#
#.#### #.#
#.##.#######.###
#
#...#.##..@....#
##
#........###@#.#
.## ##.##.###.#
#....#
..####...#.###.#
###...#
..'.............
......
..####...#.###.##
..### .##
##......... .##
## ####.##### . #
.# #.


You could see Terence (combustible).

Vanquished Creatures
  An adder (D:2)
  2 dart slugs
  2 bats (D:1)
  2 endoplasms (D:1)
  2 giant cockroaches (D:1)
  4 goblins (D:1)
  5 hobgoblins
  A kobold (D:2)
  A quokka (D:1)
  4 ball pythons (D:1)
  4 frilled lizards
  2 rats (D:1)
30 creatures vanquished.

Vanquished Creatures (others)
  129 foxfires (D:1)
129 creatures vanquished.

Grand Total: 159 creatures vanquished

Notes
Turn   | Place    | Note
-------+----------+-------------------------------------------
     0 | D:1      | Zeld the Deep Elf Fire Elementalist began the quest for the
                  | Orb.
     0 | D:1      | Reached XP level 1. HP: 10/10 MP: 6/6
   416 | D:1      | Reached XP level 2. HP: 15/15 MP: 4/8
  1355 | D:1      | Reached XP level 3. HP: 19/19 MP: 5/10
  1367 | D:1      | Learned a level 2 spell: Scorch
  1371 | D:1      | Learned a level 3 spell: Inner Flame
  1693 | D:2      | Noticed Terence
  1699 | D:2      | Killed from afar by Terence

Illustrated notes

Levels and vault maps discovered:
D:1:      dpeg_arrival_subterranean_lakeside_camping, layout_basic,
          moated_statue
D:2:      layout_loops_corners, chequers_ecumenical_altar_simple_redux,
          uniq_terence

Skill      XL: |  1  2  3 |
---------------+----------+-----
Fire Magic     | 4 |  4.0
Spellcasting   | 4 |  4.0
Dodging        | |  2.4
Stealth        | |  2.4
Conjurations   | |  1.8
Hexes          | |  0.4

Action                   || total
-------------------------++-------
Melee: Unarmed           ||     7
 Cast: Foxfire           ||    76
       Scorch            ||    11
 Stab: Sleeping          ||     2
Dodge: Dodged            ||    11
